 Dungeon Crawl Stone Soup version 0.22.0-6-g71bd7aa (webtiles) character file.

39 MovingMist the Shield-Bearer (level 3, -1/24 HPs)
             Began as a Gargoyle Fighter on Aug 15, 2018.
             Slain by a bullfrog (4 damage)
             ... on level 2 of the Dungeon.
             The game lasted 00:02:01 (832 turns).

MovingMist the Shield-Bearer (Gargoyle Fighter)      Turns: 832, Time: 00:02:02

Health: -1/24      AC: 10    Str: 19    XL:     3   Next: 45%
Magic:  3/3        EV:  5    Int:  8    God:
Gold:   101        SH: 13    Dex: 10    Spells: 2/2 levels left

rFire    . . .     SeeInvis .   a - +0 flail
rCold    . . .     Gourm    .   k - +0 large shield
rNeg     + . .     Faith    .   b - +0 scale mail
rPois    ∞         Spirit   .   (no helmet)
rElec    +         Reflect  .   (no cloak)
rCorr    .         Harm     .   (no gloves)
MR       .....                  (no boots)
Stlth    ..........             (no amulet)
HPRegen  0.08/turn              (no ring)
MPRegen  0.08/turn              (no ring)

@: no status effects
A: negative energy resistance 1, electricity resistance, unbreathing,
petrification resistance, rot immunity, AC +3
a: no special abilities


You were on level 2 of the Dungeon.
You were not hungry.

You visited 1 branch of the dungeon, and saw 2 of its levels.

You collected 101 gold pieces.

Inventory:

Hand Weapons
 a - a +0 flail (weapon)
Armour
 b - a +0 scale mail (worn)
 k - a +0 large shield (worn)
Scrolls
 e - a scroll of identify {unknown}
 j - 2 scrolls of remove curse {unknown}
 l - a scroll of teleportation {unknown}
 m - 2 scrolls of enchant armour {unknown}
 n - a scroll of fog {unknown}
 p - a scroll of blinking {unknown}
Potions
 c - 2 potions of heal wounds {unknown}
 d - a potion of might
 g - a potion of brilliance {unknown}
 h - a potion of lignification {unknown}
 o - a potion of curing {unknown}
Comestibles
 f - 2 rations
 i - 2 chunks of flesh


   Skills:
 + Level 3.6 Fighting
 + Level 2.3 Maces & Flails
 + Level 3.6 Armour
 - Level 0.4 Dodging
 * Level 3.8 Shields


You had 2 spell levels left.
You didn't know any spells.
Your spell library was empty.

Dungeon Overview and Level Annotations

Branches:
Dungeon (2/15)

Altars:
Trog
The Shining One

Annotations:
D:2 1 transporter


Innate Abilities, Weirdness & Mutations

You are resistant to torment.
Your stone body is resilient. (AC +3)
You are immune to poison.
You resist negative energy. (rN+)
You are resistant to electric shocks. (rElec)
You can survive without breathing.
You are immune to petrification.
You are immune to rotting.


Message History

You see here 19 gold pieces.
You closely miss the bullfrog. You block the bullfrog's attack.
You block the adder's attack. You block the howler monkey's attack.
The bullfrog hits you but does no damage.
The adder bites you but does no damage.
You now have 101 gold pieces (gained 19).
The bullfrog hits you. You block the howler monkey's attack.
The adder bites you but does no damage.
The bullfrog hits you but does no damage.
You closely miss the bullfrog. You block the howler monkey's attack.
The bullfrog hits you.
* * * LOW HITPOINT WARNING * * *
The adder bites you but does no damage. You block the howler monkey's attack.
The adder bites you.
* * * LOW HITPOINT WARNING * * *
The bullfrog completely misses you.
You hit the bullfrog.
The bullfrog is lightly wounded.
The bullfrog hits you.
You die...

....###.####.##8.....8##.#
....+........#.........#.#
....####.###.#....©....#.#
.#######.....#.........#.#
..#..........#........©#.#
..#.#####....#.........#.#
..#.# #....#..S......#.#
..#.# #....#.SFh$!)..#.#
.##.# #....##8@._$$8##.#
.##.# ###...#########..#
.##.#######.#.....©.....##
........).............###
....#######......#.#....
.###### #......'######
....... ##.....## .#####.
#.....# .# .....#


You could see a bullfrog, a howler monkey and 2 adders.

Vanquished Creatures
  An adder (D:2)
  2 worms (D:2)
  A dart slug (D:1)
  A leopard gecko (D:1)
  2 goblins
  2 hobgoblins
  2 jackals (D:2)
  A ball python (D:1)
  3 bats
  A frilled lizard (D:1)
  3 kobolds
  2 rats
21 creatures vanquished.

Notes
Turn   | Place    | Note
-------+----------+-------------------------------------------
     0 | D:1      | MovingMist the Gargoyle Fighter began the quest for the Orb.
     0 | D:1      | Reached XP level 1. HP: 14/14 MP: 1/1
   321 | D:1      | Reached XP level 2. HP: 19/19 MP: 2/2
   648 | D:2      | Found a bloodstained altar of Trog.
   725 | D:2      | Reached XP level 3. HP: 22/23 MP: 3/3
   728 | D:2      | Noticed a bullfrog
   729 | D:2      | Found a glowing golden altar of the Shining One.
   734 | D:2      | Found a transporter.
   745 | D:2      | Found a transporter.
   832 | D:2      | Slain by a bullfrog

Action                   || total
-------------------------++-------
Melee: Flail             ||    92
Armor: Scale mail        ||    56
Dodge: Dodged            ||    22
Block: Large shield      ||    86
       Shield            ||     7
